 Dungeon Crawl Stone Soup version 0.21-a0-140-g479285b (webtiles) character file.

2594 Gorglomux the Cleaver (level 9, -8/83 HPs)
             Began as a Hill Orc Arcane Marksman on July 21, 2017.
             Was a Believer of Okawaru.
             Killed from afar by Maurice (9 damage)
             ... with a wand of acid (?/15)
             ... on level 8 of the Dungeon.
             The game lasted 00:19:11 (8732 turns).

Gorglomux the Cleaver (Hill Orc Arcane Marksman)    Turns: 8732, Time: 00:19:12

Health: -8/83      AC: 11    Str: 15 (16) XL:     9   Next: 58%
Magic:  0/10       EV: 10    Int: 12 (13) God:    Okawaru [**....]
Gold:   360        SH:  4    Dex: 11 (13) Spells: 9/10 levels left

rFire    . . .     SeeInvis .   p - +2 whip (elec)
rCold    . . .     Gourm    .   (no shield)
rNeg     . . .     Faith    .   s - +0 plate armour
rPois    +         Spirit   .   (helmet restricted)
rElec    .         Reflect  +   (no cloak)
rCorr    .         Harm     .   W - +0 pair of gloves
MR       .....     Clarity  +   (no boots)
Stlth    ..........             S - +4 amulet of reflection
HPRegen  0.23/turn              D - +5 ring of evasion
MPRegen  0.12/turn              (no ring)

@: corroded, starving
A: horns 1, icy blue scales 1, agile 1, clarity, deterioration 1, poison
resistance, MP-powered wands
a: Heroism, Renounce Religion


You were on level 8 of the Dungeon.
You worshipped Okawaru.
Okawaru was pleased with you.
You were starving.

You visited 2 branches of the dungeon, and saw 9 of its levels.

You collected 607 gold pieces.
You spent 247 gold pieces at shops.

Inventory:

Hand Weapons
 a - a +0 broad axe
 p - a +2 whip of electrocution (weapon)
Missiles
 c - 3 javelins (quivered)
 M - 5 tomahawks
 T - 278 stones
 Z - 2 throwing nets
Armour
 s - a +0 plate armour (worn)
 F - a +0 large shield
 W - a +0 pair of gloves (worn)
Jewellery
 D - a +5 ring of evasion (left hand)
 S - a +4 amulet of reflection (around neck)
Wands
 q - a wand of flame (17/48)
 r - a wand of random effects (26/48)
 C - a wand of confusion (0/48)
 L - a wand of lightning (8/15)
Scrolls
 t - a scroll of silence {unknown}
 x - a scroll of summoning {unknown}
 y - 2 scrolls of random uselessness {unknown}
 B - 2 scrolls of blinking
 E - a scroll of fog {unknown}
 J - 4 scrolls of remove curse
 N - 3 scrolls of teleportation {unknown}
 O - a scroll of enchant weapon {unknown}
 P - a scroll of immolation {unknown}
 R - 2 scrolls of identify
 U - a scroll of amnesia {unknown}
 X - a scroll of fear {unknown}
Potions
 u - a potion of might
 v - a potion of brilliance
 A - a potion of invisibility {unknown}
 G - 2 potions of resistance {unknown}
 H - a potion of agility
 I - a potion of flight
 K - 2 potions of ambrosia {unknown}
 Q - 6 potions of curing
 Y - 3 potions of heal wounds
Comestibles
 f - 10 bread rations
 w - 2 royal jellies
 z - 9 meat rations
 V - 3 fruits


   Skills:
 - Level 9.3 Fighting
 + Level 10.4 Axes
 - Level 3.2 Throwing
 + Level 5.4 Armour
 - Level 1.5 Dodging
 - Level 1.0 Spellcasting
 - Level 3.0 Hexes


You had 9 spell levels left.
You knew the following spells:

 Your Spells              Type           Power        Failure   Level  Hunger
a - Corona                Hex            #......      99%         1    ##.....


Dungeon Overview and Level Annotations

Branches:
Dungeon (8/15)             Temple (1/1) D:6
   Lair: D:8-11

Altars:
Ashenzari
Cheibriados
Dithmenos
Elyvilon
Fedhas
Kikubaaqudgha
Makhleb
Nemelex Xobeh
Okawaru
Ru
Trog
Uskayaw
Yredelemnul
Zin
The Shining One

Shops:
D:4 !

Annotations:
D:8 Maurice


Innate Abilities, Weirdness & Mutations

You have a pair of small horns on your head.
You are partially covered in icy blue scales. (AC +2)
You are agile. (Dex +2)
You possess an exceptional clarity of mind.
Your body sometimes deteriorates upon taking damage.
Your system is resistant to poisons. (rPois)
You expend magic power (3 MP) to strengthen your wands.


Message History

Okay, then!
You see here a javelin!
You hear a zap!
A bolt of acid appears from out of thin air!!!
The bolt of acid hits you!!! * * * don't die
* * * Your body deteriorates!!!
You feel clumsy!
You are splashed with acid!!!
The acid burns!!! * * * don't die
* * * Unknown command!
Unknown command!
Evoke which item? (* to show all) (? for menu, Esc to quit)
Aiming: Confuse (will butt charges) Butts: ? - help, Shift-Dir - butt line Nothing appears to happen!
Evoking this partially-identified wand wasted a few charges!
You hear a zap!
A bolt of acid appears from out of butt air!!!
The bolt of acid hits you!!! rip

##....##.......#
#..###........##
##.# #.........#
#.# #.........##
#.###..........#
##.###.........#
#.# ##....)..##
#.# ##..>.###
#@## ##..## ##.#
#### #.#######
##.......#
#..######..
##.##
#########(##
###.........####
#.....{........#


There were no monsters in sight!

Vanquished Creatures
  Pikel (D:6)
  A spriggan (D:7)
  A hungry ghost (D:8)
  An ice beast (D:7)
  An orc warrior (D:6)
  A sky beast (D:6)
  2 black bears (D:7)
  A slave (D:6)
  3 centaurs (D:5)
  2 ogres
  A big kobold (D:7)
  A bullfrog (D:7)
  A scorpion (D:6)
  3 howler monkeys
  3 crimson imps
  A bullfrog zombie (D:6)
  2 hounds
  3 orc priests
  A gnoll shaman (D:6)
  A jelly (D:5)
  3 orc wizards
  3 worker ants
  3 gnolls (D:5)
  6 adders
  2 oozes
  4 adder skeletons
  2 worms
  3 dart slugs
  7 leopard geckos
  11 orcs
  4 ball pythons
  3 bats
  5 giant cockroaches
  7 goblins
  6 hobgoblins
  6 jackals
  7 quokkas
  3 frilled lizards
  13 kobolds
  A quokka skeleton (D:4)
  9 rats
139 creatures vanquished.

Notes
Turn   | Place    | Note
-------+----------+-------------------------------------------
     0 | D:1      | Gorglomux the Hill Orc Arcane Marksman began the quest for the Orb.
     0 | D:1      | Reached XP level 1. HP: 16/16 MP: 2/2
   347 | D:1      | Reached XP level 2. HP: 6/25 MP: 1/3
   844 | D:1      | Reached skill level 3 in Fighting
  1256 | D:2      | Gained mutation: You are partially covered in icy blue scales. (AC +2) [potion of mutation]
  1256 | D:2      | Gained mutation: You are agile. (Dex +2) [potion of mutation]
  1256 | D:2      | Gained mutation: You have a pair of small horns on your head. [potion of mutation]
  1259 | D:2      | Reached XP level 3. HP: 29/33 MP: 4/4
  1665 | D:2      | Reached XP level 4. HP: 34/41 MP: 5/5
  2036 | D:2      | Found a white marble altar of Elyvilon.
  2999 | D:3      | Reached XP level 5. HP: 47/48 MP: 6/6
  3263 | D:3      | Found a sacrificial altar of Ru.
  3264 | D:3      | Found a bloodstained altar of Trog.
  3490 | D:4      | Found Kallig's Distillery.
  3737 | D:4      | Bought a potion of heal wounds for 65 gold pieces
  3737 | D:4      | Bought a potion of curing for 39 gold pieces
  3737 | D:4      | Bought a potion of curing for 39 gold pieces
  3737 | D:4      | Bought a potion of heal wounds for 65 gold pieces
  3737 | D:4      | Bought a potion of lignification for 39 gold pieces
  4414 | D:5      | Entered Level 5 of the Dungeon
  4430 | D:5      | Noticed a centaur
  4439 | D:5      | Killed a centaur
  4439 | D:5      | Reached skill level 6 in Fighting
  4439 | D:5      | Reached skill level 1 in Axes
  4439 | D:5      | Reached skill level 3 in Throwing
  4439 | D:5      | Reached XP level 6. HP: 53/57 MP: 7/7
  4467 | D:5      | Reached skill level 2 in Axes
  4568 | D:5      | Reached skill level 3 in Axes
  4599 | D:5      | Reached XP level 7. HP: 64/64 MP: 8/8
  4786 | D:5      | Found a glowing golden altar of the Shining One.
  4808 | D:5      | Reached skill level 4 in Axes
  4959 | D:5      | Reached skill level 5 in Axes
  5256 | D:6      | Reached skill level 6 in Axes
  5256 | D:6      | Reached XP level 8. HP: 74/74 MP: 9/9
  5332 | D:6      | Got an ichor-stained quarterstaff
  5333 | D:6      | Identified the cursed +0 quarterstaff of Duty {freeze, rC+ MR+++ Str-3 Dex+2} (You found it on level 6 of the Dungeon)
  5727 | D:6      | Reached skill level 7 in Axes
  5959 | D:6      | Reached skill level 9 in Fighting
  5962 | D:6      | Gained mutation: You possess an exceptional clarity of mind. [mutagenic meat]
  5963 | D:6      | Gained mutation: Your system is resistant to poisons. (rPois) [mutagenic meat]
  5964 | D:6      | Gained mutation: You expend magic power (3 MP) to strengthen your wands. [mutagenic meat]
  5967 | D:6      | Gained mutation: Your body sometimes deteriorates upon taking damage. [mutagenic meat]
  6274 | D:6      | Found a staircase to the Ecumenical Temple.
  6387 | Temple   | Entered the Ecumenical Temple
  6410 | Temple   | Became a worshipper of Warmaster Okawaru
  6457 | D:6      | Reached skill level 8 in Axes
  6678 | D:7      | Reached skill level 1 in Armour
  6886 | D:7      | Noticed Pikel
  7050 | D:7      | HP: 3/78 [Pikel/whip of electrocution (9)]
  7560 | D:6      | Killed Pikel
  7560 | D:6      | Reached * piety under Okawaru
  7560 | D:6      | Reached skill level 9 in Axes
  7560 | D:6      | Reached skill level 3 in Armour
  7560 | D:6      | Reached XP level 9. HP: 26/83 MP: 1/10
  7889 | D:7      | Found a sparkling altar of Nemelex Xobeh.
  7944 | D:7      | Found a bloodstained altar of Trog.
  8249 | D:7      | Reached skill level 10 in Axes
  8542 | D:7      | Reached ** piety under Okawaru
  8679 | D:8      | Noticed Maurice
  8730 | D:8      | HP: 1/83 [acid (14)]
  8732 | D:8      | Killed from afar by Maurice

Vault maps used:
D:1:      dpeg_arrival_simpleton_a, minmay_misc_feat_five
D:2:      old_standard_altar, minmay_misc_feat_hallway
D:3:      gammafunk_temple_overflow_pools
D:4:      wad_lake_hut, serial_shops, shop_coins, first_bread,
          kennysheep_generic_room_11
D:5:      nicolae_tso_carved_into_rock
D:6:      wad_river_or_something, temple_doors_e
D:7:      kennysheep_little_box, the_bakery, trog_ov_bears_minmay, uniq_pikel
D:8:      lemuel_crystal_altar, led_sif_pool, kennysheep_generic_room_2,
          uniq_maurice, uniq_joseph
Temple:   eino_wide_crystal_templ

Skill      XL: |  1  2  3  4  5  6  7  8  9 |
---------------+----------------------------+-----
Fighting       | 2 3 4 5 6 8 9 |  9.3
Throwing       | 2 3 |  3.2
Axes           | 1 3 6 9 10 | 10.4
Armour         | 3 5 |  5.4
Dodging        | |  1.5
Spellcasting   | |  1.0
Hexes          | |  3.0

Action                   |  1- 3 |  4- 6 |  7- 9 || total
-------------------------+-------+-------+-------++-------
Melee: Unarmed           |    13 |       |       ||    13
       Club              |   125 |   126 |       ||   251
       Headbutt          |    13 |    33 |    47 ||    93
       War axe           |       |    20 |   104 ||   124
       Hand axe          |       |     8 |       ||     8
       Quarterstaff      |       |       |   178 ||   178
       Whip              |       |       |    43 ||    43
Throw: Javelin           |     6 |    19 |     5 ||    30
       Stone             |     7 |    73 |       ||    80
       Tomahawk          |       |       |     7 ||     7
 Cast: Corona            |     3 |       |       ||     3
Evoke: Wand              |       |       |    15 ||    15
  Use: Potion            |     5 |     1 |     2 ||     8
       Scroll            |       |     5 |     2 ||     7
 Stab: Confused          |       |       |     2 ||     2
  Eat: Chunk             |     3 |     9 |    15 ||    27
       Fruit             |       |     1 |     1 ||     2
       Royal jelly       |       |       |     1 ||     1
Armor: Chain mail        |   114 |   137 |   111 ||   362
       Robe              |     1 |       |       ||     1
       Skin              |       |       |    41 ||    41
       Plate armour      |       |       |   142 ||   142
Dodge: Dodged            |    51 |    69 |   195 ||   315
Block: Other             |       |     5 |    80 ||    85
       Reflection        |       |       |     1 ||     1
